 Dungeon Crawl Stone Soup version 0.20.1-1-g8b1a95d (webtiles) character file.

34263 Nachka the Spry (level 13, -6/61 HPs)
             Began as a Felid Berserker on Sept 17, 2017.
             Was a High Priest of Trog.
             Shot with an arrow by a centaur warrior (10 damage)
             ... on level 14 of the Dungeon.
             The game lasted 03:02:57 (23223 turns).

Nachka the Spry (Felid Berserker)                  Turns: 23223, Time: 03:02:58

Health: -6/61      AC:  3    Str: 15    XL:     13   Next: 41%
Magic:  20/20      EV: 40    Int:  8    God:    Trog [*****.]
Gold:   1137       SH:  4    Dex: 23    Spells: 12/12 levels left
                                        Lives:  0   Deaths: 2

rFire    . . .     SeeInvis +     - Unarmed
rCold    + . .     Gourm    .   (shield unavailable)
rNeg     . . .     Faith    .   (armour unavailable)
rPois    .         Spirit   .   (helmet unavailable)
rElec    .         Reflect  +   (cloak unavailable)
rCorr    .         Harm     .   (gloves unavailable)
MR       +....     Rnd*Tele +   (boots unavailable)
Stlth    ++++++....             O - +4 amulet of reflection
Regen    0.2/turn               g - +4 ring of strength
MPRegen  0.2/turn               t - +4 ring of evasion

@: berserk cooldown, studying Dodging, quick
A: no armour, no weapons or thrown items, stealth, claws 1, fangs 3, see
invisible, agile 1, carnivore 3, speed 1, shaggy fur 3, slow metabolism 1,
teleportitis 1, weak 1, sharp paws
a: Berserk, Trog's Hand, Brothers in Arms, Burn Spellbooks, Renounce Religion


You were on level 14 of the Dungeon.
You worshipped Trog.
Trog was extremely pleased with you.
You were full.

You visited 4 branches of the dungeon, and saw 23 of its levels.
You also visited: Volcano.

You collected 1482 gold pieces.
You spent 345 gold pieces at shops.

Inventory:

Jewellery
 f - an uncursed ring of fire
 g - a +4 ring of strength (left paw)
 i - a +3 ring of intelligence
 t - a +4 ring of evasion (right paw)
 z - a +2 ring of protection
 C - an uncursed amulet of guardian spirit
 I - the amulet "Gifadefe" {*Drain rElec Regen+ Str-3 Slay+6}
   (You found it on level 6 of the Lair of Beasts)

   [amulet of regeneration]

   It affects your strength (-3).
   It affects your accuracy and damage with ranged weapons and melee attacks
   (+6).
   It insulates you from electricity.
   It increases your rate of regeneration.
   It causes draining when unequipped.
 O - a +4 amulet of reflection (around neck)
 R - an uncursed ring of teleportation
Wands
 c - a wand of confusion (11/48)
 e - a wand of polymorph (14/24)
 n - a wand of clouds (0/9)
 o - a wand of disintegration (15/24)
 r - a wand of random effects (25/48)
 u - a wand of flame (40/48)
 v - a wand of confusion (26/48)
 y - a wand of polymorph (7/24)
 A - a wand of acid (3/15)
 F - a wand of acid (0/15)
 H - a wand of lightning (5/15)
 J - a wand of confusion (26/48)
 K - a wand of digging (7/24)
 N - a wand of iceblast (8/15)
 Q - a wand of acid (7/15)
Scrolls
 b - 5 scrolls of immolation
 l - 4 scrolls of recharging
 m - 3 scrolls of magic mapping
 s - 10 scrolls of remove curse
 x - 3 scrolls of teleportation
 B - 3 scrolls of torment
Potions
 d - 3 potions of agility
 h - 2 potions of ambrosia
 j - a potion of cancellation {unknown}
 k - 3 potions of curing
 p - 3 potions of might
 w - 2 potions of invisibility
 D - a potion of berserk rage
 M - 3 potions of brilliance
 P - 2 potions of flight
Books
 L - a manual of Dodging
Miscellaneous
 E - a lamp of fire
 G - a lamp of fire
Comestibles
 a - 13 meat rations


   Skills:
 * Level 10.2 Fighting
 * Level 17.7 Dodging
 + Level 13.2 Stealth
 + Level 17.4 Unarmed Combat
 + Level 9.1 Evocations


You had 12 spell levels left.
You didn't know any spells.

Dungeon Overview and Level Annotations

Branches:
Dungeon (14/15)            Temple (0/1) D:6            Lair (6/6) D:9
 Shoals (0/4) Lair:4       Spider (2/4) Lair:2        Slime (0/5) Lair:5
    Orc (1/2) D:10         Vaults (0/5) D:13

Altars:
Dithmenos
Elyvilon
Hepliaklqana
Kikubaaqudgha
Makhleb
Okawaru
Sif Muna
Xom
Yredelemnul
The Shining One

Shops:
D:5 %   D:12 }(![

Portals:
Hell: Lair:6

Annotations:
D:4 1 runed door
Lair:4 Kirke


Innate Abilities, Weirdness & Mutations

You cannot wear armour.
You are incapable of wielding weapons or throwing items.
Your paws allow you to move quietly. (Stealth)
You have sharp claws.
You have razor-sharp teeth.
You have supernaturally acute eyesight. (SInv)
You are carnivorous and can eat meat at any time.
You cover ground quickly.
Your thick and shaggy fur keeps you warm. (AC +3, rC+)
You have a slow metabolism.
Your sharp claws are effective at attacking unaware monsters.
You are agile. (Dex +2)
You are occasionally teleported next to monsters.
You are weak. (Str -2)


Message History

The tengu conjurer closely misses you. The tengu conjurer claws you.
* * * LOW HITPOINT WARNING * * *
You miss the tengu conjurer. You claw the tengu conjurer!
You kill the tengu conjurer!
Trog accepts your kill.
Trog appreciates your killing of a magic user.
The centaur warrior shoots an arrow.
The arrow completely misses you.
A death knight comes into view. It is wielding a battleaxe.
The centaur warrior unwields an uncursed shortbow.
The centaur warrior completely misses you.
The centaur warrior hits you!
* * * LOW HITPOINT WARNING * * *
The death knight offers itself to Yredelemnul, and fills with unholy energy.
As you read the scroll of fog, it crumbles to dust.
The scroll dissolves into smoke.
You feel yourself speed up.
You block the centaur warrior's attack. x2
The centaur warrior wields an uncursed shortbow.
The centaur warrior shoots an arrow.
The arrow hits you!
You die...

###.. #. .... #. ... #..
..# #..#######..# ##
#..#..#§.#§§#.)#
#.....#(§§c....#
#....###§§§§..#
#......§@§###p...
#......§§..# . ##......#.$#
.# #.......#### ..#
#.......#..# .#..#
##..(.......# ...... ...
............###......###...
.......#........###.......#
.......#.........# .......


You could see a centaur warrior.

Vanquished Creatures
  An entropy weaver (Lair:2)
  The ghost of Ulfhedinn the Slicer, a journeyman HaBe of Trog (Lair:4)
  Fannar (D:11)
  A catoblepas (D:13)
  4 hydras
  2 vault guards (D:13)
  4 two-headed ogres
  A sun demon (Lair:6)
  Sonja (D:13)
  A harpy (shapeshifter) (Lair:5)
  A wizard (Lair:6)
  2 unseen horrors
  An orc knight (D:14)
  Pikel (D:5)
  6 wolf spiders
  4 orb spiders
  3 ugly things
  A cyclops (D:14)
  A merfolk siren (Lair:4)
  12 elephants (Lair:6)
  3 black mambas
  2 guardian serpents (D:13)
  Maurice (D:13)
  A smoke demon (Lair:6)
  4 orange demons (Lair:6)
  3 centaur skeletons
  9 rime drakes
  10 spiny frogs
  9 komodo dragons
  6 demonic crawlers
  2 ice devils (Lair:6)
  A tengu conjurer (D:14)
  3 merfolk (Lair:4)
  A polar bear (Lair:5)
  A troll (D:13)
  5 jumping spiders
  2 hornets
  12 blink frogs
  6 slime creatures
  9 hippogriffs
  2 wraiths (D:8)
  24 redbacks
  10 tarantellas (Spider:1)
  A vampire (D:13)
  4 wyverns
  A human (D:13)
  5 hogs (Lair:4)
  54 yaks
  3 hungry ghosts
  Eustachio (D:5)
  4 vampire mosquitoes
  A basilisk (Lair:2)
  An acid dragon (D:12)
  15 water moccasins
  3 hell hounds (Lair:6)
  4 ice beasts
  8 porcupines
  7 orc warriors
  2 sky beasts
  2 phantoms
  2 eyes of draining
  A necrophage (D:8)
  8 ogres
  3 centaurs
  4 wolves (Lair:5)
  11 crocodiles
  2 big kobolds
  11 bullfrogs
  5 scorpions
  5 wights
  4 killer bees
  4 electric eels (Lair:6)
  3 howler monkeys
  3 crimson imps
  2 bullfrog zombies
  3 lava snakes (Volcano)
  A centaur zombie (D:9)
  5 hounds
  A quasit (D:9)
  5 jellies
  3 orc priests
  A gnoll shaman (D:6)
  5 human zombies
  12 orc wizards
  3 bullfrog skeletons
  10 worker ants
  2 iguanas
  A killer bee zombie (D:6)
  2 mummies (D:8)
  2 hound zombies (D:6)
  2 hound skeletons
  A howler monkey zombie (D:11)
  11 adders
  11 gnolls
  2 shadow imps
  An ooze (D:3)
  2 adder skeletons
  6 worms
  2 dart slugs (D:1)
  7 leopard geckos
  45 orcs
  10 bats
  4 giant cockroaches
  5 goblins
  11 hobgoblins
  5 quokkas
  2 ball pythons
  5 frilled lizards
  20 kobolds
  A leopard gecko skeleton (D:8)
  A leopard gecko zombie (D:6)
  An orc zombie (D:8)
  10 rats
  5 fungi
  5 plants
590 creatures vanquished.

Vanquished Creatures (collateral kills)
  2 vault guards (D:13)
  A two-headed ogre (D:9)
  An orc knight (D:13)
  2 wolf spiders (Spider:1)
  2 orc sorcerers (D:13)
  2 jumping spiders
  A troll (D:10)
  A hornet (Spider:2)
  3 redbacks (Spider:2)
  2 tarantellas (Spider:2)
  A hog (Lair:4)
  A human (D:13)
  6 orc warriors (D:10)
  An ogre (D:10)
  3 big kobolds (D:10)
  3 gnoll sergeants (D:10)
  3 gnolls (D:10)
  3 orcs (D:10)
38 creatures vanquished.

Vanquished Creatures (others)
  A tarantella (Spider:1)
  A frilled lizard (D:5)
  26 fungi
  72 plants
100 creatures vanquished.

Grand Total: 728 creatures vanquished

Notes
Turn   | Place    | Note
-------+----------+-------------------------------------------
     0 | D:1      | Nachka the Felid Berserker began the quest for the Orb.
     0 | D:1      | Reached XP level 1. HP: 10/10 MP: 2/2
    61 | D:1      | Reached XP level 2. HP: 14/14 MP: 3/3
   847 | D:1      | Reached XP level 3. HP: 17/17 MP: 4/4
   906 | D:2      | Reached ** piety under Trog
   906 | D:2      | Reached skill level 1 in Stealth
  1129 | D:2      | Reached skill level 5 in Dodging
  2086 | D:2      | Reached XP level 4. HP: 16/21 MP: 5/5
  2157 | D:2      | HP: 1/21 [worm (9)]
  2539 | D:3      | HP: 1/21 [gnoll/spear (8)]
  3452 | D:2      | Reached XP level 5. HP: 13/24 MP: 6/6
  4123 | D:4      | Reached *** piety under Trog
  4481 | D:4      | Reached skill level 5 in Unarmed Combat
  4549 | D:4      | Found a glowing golden altar of the Shining One.
  4549 | D:4      | Noticed an angel
  4550 | D:4      | Found a runed door.
  4592 | D:4      | Found a deep blue altar of Sif Muna.
  4768 | D:4      | Gained mutation: You are covered in thick fur. (AC +2) [Felid growth]
  4768 | D:4      | Reached XP level 6. HP: 28/28 MP: 7/7
  5024 | D:5      | Entered Level 5 of the Dungeon
  5076 | D:5      | Found Pulieqo's Food Shoppe.
  5592 | D:5      | Noticed Eustachio
  5644 | D:6      | Noticed an orc warrior
  5647 | D:6      | Reached XP level 7. HP: 31/31 MP: 8/8
  5810 | D:5      | Noticed Pikel
  5886 | D:5      | Killed Pikel
  5886 | D:5      | Reached skill level 5 in Stealth
  5886 | D:5      | Reached XP level 8. HP: 34/34 MP: 9/9
  6035 | D:5      | Killed Eustachio
  6161 | D:6      | Found a staircase to the Ecumenical Temple.
  6472 | D:6      | Reached **** piety under Trog
  6787 | D:6      | Reached XP level 9. HP: 38/38 MP: 10/10
  6795 | D:6      | Reached skill level 10 in Unarmed Combat
  8204 | D:8      | Found an ancient bone altar of Kikubaaqudgha.
  8238 | D:8      | Reached XP level 10. HP: 25/42 MP: 11/11
  8368 | D:8      | Found a shadowy altar of Dithmenos.
  8748 | D:9      | Noticed a two-headed ogre
  8947 | D:9      | Noticed a two-headed ogre
  8963 | D:9      | Killed a two-headed ogre
  8963 | D:9      | Reached skill level 1 in Evocations
  9010 | D:9      | Found a shimmering altar of Xom.
  9013 | D:9      | Found a hazy altar of Hepliaklqana.
  9037 | D:9      | Killed a two-headed ogre
  9332 | D:9      | Found a white marble altar of Elyvilon.
  9470 | D:9      | Found a staircase to the Lair.
  9504 | D:9      | Noticed a two-headed ogre
  9506 | D:9      | Killed a two-headed ogre
  9609 | D:9      | Found an iron altar of Okawaru.
  9610 | D:9      | Found a basalt altar of Yredelemnul.
  9733 | D:10     | Entered Level 10 of the Dungeon
  9835 | D:10     | Reached skill level 5 in Fighting
  9907 | Lair:1   | Entered Level 1 of the Lair of Beasts
 10176 | Lair:1   | Noticed a spiny frog
 10314 | Lair:1   | Reached skill level 10 in Stealth
 10317 | Lair:1   | Reached XP level 11. HP: 47/47 MP: 14/14
 10642 | Lair:1   | Reached skill level 10 in Dodging
 10907 | D:10     | Found a staircase to the Orcish Mines.
 11361 | Orc:1    | Entered Level 1 of the Orcish Mines
 12273 | Lair:2   | Found a hole to the Spider Nest.
 12273 | Lair:2   | Noticed an orb spider
 12507 | Lair:3   | Reached skill level 5 in Evocations
 12776 | Lair:3   | Gained mutation: You are occasionally teleported next to monsters. [potion of mutation]
 12776 | Lair:3   | Gained mutation: You are weak. (Str -2) [potion of mutation]
 12776 | Lair:3   | Gained mutation: You are agile. (Dex +2) [potion of mutation]
 12933 | Lair:3   | Reached ***** piety under Trog
 12982 | Lair:4   | Noticed Ulfhedinn's ghost (journeyman HaBe)
 13084 | Lair:4   | Gained mutation: Your thick and shaggy fur keeps you warm. (AC +3, rC+) [Felid growth]
 13084 | Lair:4   | Reached XP level 12. HP: 44/53 MP: 13/17
 13353 | Lair:4   | Noticed Kirke
 13944 | Lair:4   | Found a staircase to the Shoals.
 14557 | Lair:5   | Found a staircase to the Slime Pits.
 15037 | Lair:5   | Identified a scroll of acquirement
 15217 | Lair:6   | Entered Level 6 of the Lair of Beasts
 15227 | Lair:5   | Reached skill level 15 in Unarmed Combat
 15377 | Lair:6   | Got an ancient bone amulet
 15672 | Lair:6   | Reached XP level 13. HP: 58/58 MP: 19/19
 15699 | Lair:6   | Found a dark tunnel.
 15709 | Volcano  | Entered a volcano
 15714 | Volcano  | Identified the amulet "Gifadefe" {*Drain rElec Regen+ Str-3 Slay+6} (You found it on level 6 of the Lair of Beasts)
 16444 | Lair:6   | Found a burning altar of Makhleb.
 16591 | Lair:6   | Found a gateway to Hell.
 17374 | Lair:4   | Killed Ulfhedinn's ghost
 17588 | Spider:1 | Entered Level 1 of the Spider Nest
 17592 | Spider:1 | Noticed an entropy weaver
 17780 | D:11     | Noticed Fannar
 17986 | D:11     | Reached XP level 14. HP: 64/64 MP: 21/21
 17993 | D:11     | HP: 1/64 [eight-headed hydra (16)]
 17993 | D:11     | Slain by an eight-headed hydra
 17994 | D:11     | Reached XP level 13. HP: -3/60 MP: 20/20
 18152 | D:11     | Killed Fannar
 18302 | D:12     | Found Qitt's Armour Boutique.
 18334 | D:12     | Found Polug's Gadget Emporium.
 18338 | D:12     | Bought a wand of flame (16/48) for 135 gold pieces
 18338 | D:12     | Bought a wand of iceblast (10/15) for 210 gold pieces
 18363 | D:12     | Found Ydiul's Antique Weapon Shop.
 18510 | D:12     | Reached ****** piety under Trog
 18766 | D:12     | Found Ahisi's Distillery.
 19314 | D:13     | Noticed Maurice
 19318 | D:13     | Reached skill level 15 in Dodging
 19321 | D:13     | Killed Maurice
 19564 | D:13     | Noticed Sonja
 19566 | D:13     | Killed Sonja
 19894 | D:13     | Found a gate to the Vaults.
 20190 | D:13     | HP: 1/61 [guardian serpent (19)]
 21055 | Lair:2   | Killed an entropy weaver
 21583 | Spider:1 | Reached XP level 14. HP: 65/65 MP: 21/21
 21884 | Spider:2 | Reached skill level 10 in Fighting
 22059 | Spider:1 | HP: 3/66 [poisoned by a redback]
 22814 | Spider:2 | Noticed an entropy weaver
 22819 | Spider:2 | HP: 3/99 [poisoned by a wolf spider]
 22819 | Spider:2 | Slain by a tarantella
 22820 | Spider:2 | Reached XP level 13. HP: -2/91 MP: 20/20
 23223 | D:14     | Shot with an arrow by a centaur warrior

Skill      XL: |  1  2  3  4  5  6  7  8  9 10 11 12 13 14 |
---------------+-------------------------------------------+-----
Stealth        | 2 3 4 5 7 8 10 11 12 13 | 13.2
Dodging        | 5 6 7 8 9 11 12 16 17 | 17.7
Unarmed Combat | 4 5 6 7 9 11 12 13 15 17 | 17.4
Fighting       | 4 5 6 7 9 10 | 10.2
Evocations     | 3 5 7 9 |  9.1

Action                   |  1- 3 |  4- 6 |  7- 9 | 10-12 | 13-15 || total
-------------------------+-------+-------+-------+-------+-------++-------
Melee: Unarmed           |   122 |   181 |   258 |   566 |   742 ||  1869
       Bite              |    11 |    21 |    36 |    88 |   118 ||   274
       Punch             |     1 |     2 |    13 |    55 |    87 ||   158
Invok: Trog's Hand       |     1 |     1 |     5 |     9 |    19 ||    35
       Berserk           |       |     3 |     9 |    19 |    29 ||    60
       Burn Spellbooks   |       |     2 |     1 |     6 |     2 ||    11
       Brothers in Arms  |       |       |       |     4 |     5 ||     9
Evoke: Wand              |       |       |     3 |    10 |    21 ||    34
       Lamp of fire      |       |       |       |     1 |     1 ||     2
  Use: Scroll            |     7 |     7 |     2 |    11 |    10 ||    37
       Potion            |       |       |       |     3 |    12 ||    15
 Stab: Sleeping          |     9 |     7 |     6 |    26 |    20 ||    68
       Distracted        |       |     2 |     3 |     3 |     5 ||    13
       Confused          |       |       |     1 |     3 |     1 ||     5
  Eat: Chunk             |     7 |     9 |    15 |    46 |    43 ||   120
       Meat ration       |     1 |       |       |     1 |       ||     2
       Royal jelly       |       |       |       |       |     8 ||     8
Armor: Skin              |     3 |     3 |     8 |     9 |    25 ||    48
Dodge: Dodged            |    93 |   122 |   179 |   509 |   730 ||  1633
Block: Other             |       |       |       |       |    56 ||    56
       Reflection        |       |       |       |       |     1 ||     1
